 Dungeon Crawl Stone Soup version 0.21.1-1-g345015fe64 (webtiles) character file.

2860 Oravi the Slinger (level 10, -8/68 HPs)
             Began as a Halfling Hunter on Apr 21, 2018.
             Was a Priest of Okawaru.
             Killed from afar by Erica (10 damage)
             ... with an orb of energy
             ... on level 8 of the Dungeon.
             The game lasted 00:26:33 (8780 turns).

Oravi the Slinger (Halfling Hunter)                 Turns: 8780, Time: 00:26:35

Health: -8/68      AC:  5    Str: 18    XL:     10   Next: 4%
Magic:  10/10      EV: 19    Int:  9    God:    Okawaru [***...]
Gold:   302        SH:  0    Dex: 19    Spells: 9/9 levels left

rFire    + . .     SeeInvis .   b - +4 short sword
rCold    . . .     Gourm    .   (shield restricted)
rNeg     + . .     Faith    .   c - +0 leather armour
rPois    .         Spirit   .   (no helmet)
rElec    .         Reflect  .   (no cloak)
rCorr    .         Harm     .   h - +1 pair of gloves
MR       .....                  (no boots)
Stlth    ++........             (no amulet)
HPRegen  0.21/turn              v - ring of protection from fire
MPRegen  0.12/turn              q - ring of positive energy

@: mighty, lethally poisoned (-8 -> -11), flying, slowed, very slow
A: small, mutation resistance 1
a: Heroism, Renounce Religion


You were on level 8 of the Dungeon.
You worshipped Okawaru.
Okawaru was most pleased with you.
You were not hungry.

You visited 2 branches of the dungeon, and saw 9 of its levels.

You collected 302 gold pieces.

Inventory:

Hand Weapons
 a - a +2 hunting sling
 b - a +4 short sword (weapon)
Missiles
 d - 60 sling bullets
 g - 151 stones (quivered)
Armour
 c - a +0 leather armour (worn)
 h - a +1 pair of gloves (worn)
 j - a +0 robe
Jewellery
 p - an uncursed ring of resist corrosion
 q - a ring of positive energy (right hand)
 v - a ring of protection from fire (left hand)
Wands
 k - a wand of disintegration (12)
 m - a wand of clouds (3)
Scrolls
 i - a scroll of fog
 n - 3 scrolls of remove curse
 o - 2 scrolls of enchant armour
 t - 2 scrolls of teleportation
Potions
 e - 7 potions of haste
 l - a potion of agility
Comestibles
 f - 19 rations


   Skills:
 + Level 5.9 Fighting
 * Level 6.6 Short Blades
 - Level 12.0 Slings
 + Level 3.3 Armour
 * Level 6.6 Dodging
 - Level 1.1 Stealth


You had 9 spell levels left.
You didn't know any spells.

Dungeon Overview and Level Annotations

Branches:
Dungeon (8/15)             Temple (1/1) D:5
   Lair: D:8-11

Altars:
Ashenzari
Dithmenos
Elyvilon
Fedhas
Gozag
Hepliaklqana
Kikubaaqudgha
Makhleb
Nemelex Xobeh
Okawaru
Qazlal
Ru
Sif Muna
Trog
Uskayaw
Vehumet
Wu Jian
Xom
Yredelemnul
Zin

Shops:
D:6 *

Annotations:
D:3 Peloso's ghost, amateur DDFi
D:4 Oravi's ghost, amateur HaHu
D:6 1 exclusion, Eustachio
D:8 Erica


Innate Abilities, Weirdness & Mutations

You are small and have problems with some larger weapons.
You are somewhat resistant to further mutation.


Message History

It was a potion of might.
You feel very mighty all of a sudden.
You feel sick.
You hear some strange, mumbled words.
An orb of energy appears from out of thin air!
The orb of energy hits you!
* * * LOW HITPOINT WARNING * * *
Okay, then.
Okay, then.
b - a +4 short sword (weapon)
You barely miss something.
* * * LOW HITPOINT WARNING * * *
You feel sick. Something closely misses you.
You closely miss something.
* * * LOW HITPOINT WARNING * * *
You feel sick.
You hear some strange, mumbled words.
An orb of energy appears from out of thin air!
The orb of energy hits you!
You die...

.##......##...###.#..##.
.##...###......##.##....
....#..##.####.......###.
...###............####
........#.####...##
...##.....# #.#..#####
......#.######.##.....###
...............######...#
.##.......##....@..####.###
###.####)......###..###...#
###.# #..##...# ##.....#.#
....# ##)##. .#
#####.....(.. )..## #.##
####....# ##..#####.#
###... ##.......# ##
#########


There were no monsters in sight!

Vanquished Creatures
  A two-headed ogre (D:8)
  A spriggan (D:7)
  A sky beast (D:7)
  An orc warrior (D:8)
  A phantom (D:4)
  A necrophage (D:8)
  2 ogres
  2 centaurs (D:6)
  3 big kobolds
  2 bullfrogs (D:7)
  3 scorpions
  A howler monkey (D:5)
  6 crimson imps
  A centaur zombie (D:5)
  3 orc priests
  3 hounds
  A jelly (D:5)
  3 orc wizards
  An iguana (D:7)
  3 worker ants
  A hound zombie (D:6)
  A hound skeleton (D:4)
  A worker ant zombie (D:8)
  9 adders
  A shadow imp (D:6)
  3 oozes (D:3)
  An adder skeleton (D:6)
  4 worms
  A dart slug (D:2)
  6 leopard geckos
  14 orcs
  6 giant cockroaches
  3 goblins (D:1)
  6 hobgoblins
  20 jackals
  3 quokkas
  5 bats
  3 frilled lizards (D:2)
  16 kobolds
  A quokka zombie (D:6)
  3 rats (D:3)
  A spectral orc (D:2)
149 creatures vanquished.

Notes
Turn   | Place    | Note
-------+----------+-------------------------------------------
     0 | D:1      | Oravi the Halfling Hunter began the quest for the Orb.
     0 | D:1      | Reached XP level 1. HP: 14/14 MP: 1/1
    78 | D:1      | Reached skill level 6 in Slings
   163 | D:1      | Reached XP level 2. HP: 19/19 MP: 2/2
   808 | D:1      | Reached XP level 3. HP: 24/24 MP: 3/3
  1164 | D:2      | Reached skill level 7 in Slings
  1645 | D:2      | Reached XP level 4. HP: 29/29 MP: 4/4
  1819 | D:2      | Found a basalt altar of Yredelemnul.
  2096 | D:3      | Noticed an enchanted dagger
  2097 | D:3      | Noticed a hand axe
  2098 | D:3      | Found a hide-covered altar of Uskayaw.
  2142 | D:3      | Found a shimmering altar of Xom.
  2185 | D:3      | Reached skill level 1 in Short Blades
  2190 | D:3      | Reached XP level 5. HP: 21/34 MP: 5/5
  2375 | D:3      | Found a sparkling altar of Nemelex Xobeh.
  2394 | D:3      | Reached skill level 8 in Slings
  2394 | D:3      | Reached skill level 1 in Armour
  2464 | D:3      | Reached XP level 6. HP: 39/39 MP: 6/6
  2595 | D:3      | Noticed Peloso's ghost (amateur DDFi)
  2866 | D:3      | Found a white marble altar of Elyvilon.
  3627 | D:4      | Noticed a phantom
  3658 | D:4      | Killed a phantom
  3658 | D:4      | Reached skill level 9 in Slings
  3658 | D:4      | Reached XP level 7. HP: 40/45 MP: 7/7
  3707 | D:4      | Noticed Oravi's ghost (amateur HaHu)
  3991 | D:4      | Found an opulent altar of Gozag.
  4529 | D:5      | Entered Level 5 of the Dungeon
  4538 | D:5      | Found a staircase to the Ecumenical Temple.
  4546 | Temple   | Entered the Ecumenical Temple
  4645 | Temple   | Became a worshipper of Warmaster Okawaru
  5055 | D:5      | Reached XP level 8. HP: 43/52 MP: 8/8
  5155 | D:5      | Reached skill level 10 in Slings
  5752 | D:6      | Noticed Eustachio
  6597 | D:6      | Reached * piety under Okawaru
  6621 | D:6      | Found Pianobro's General Store.
  6917 | D:6      | Reached skill level 11 in Slings
  7086 | D:7      | Reached skill level 5 in Dodging
  7188 | D:7      | Reached XP level 9. HP: 47/58 MP: 9/9
  7327 | D:7      | Reached skill level 5 in Short Blades
  7526 | D:7      | Reached ** piety under Okawaru
  7526 | D:7      | Reached skill level 12 in Slings
  8291 | D:8      | Noticed a two-headed ogre
  8311 | D:8      | Killed a two-headed ogre
  8311 | D:8      | Reached *** piety under Okawaru
  8311 | D:8      | Reached skill level 5 in Fighting
  8585 | D:8      | Reached XP level 10. HP: 41/68 MP: 10/10
  8767 | D:8      | Noticed Erica
  8779 | D:8      | HP: 3/68 [poisoned by Erica (bolt of poison)]
  8780 | D:8      | Killed from afar by Erica

Skill      XL: |  1  2  3  4  5  6  7  8  9 |
---------------+----------------------------+-----
Slings         | 6 7 8 9 11 12 | 12.0
Fighting       | 2 3 4 5 |  5.9
Short Blades   | 1 2 3 4 6 |  6.6
Dodging        | 3 4 5 6 |  6.6
Armour         | 1 2 3 |  3.3
Stealth        | |  1.1

Action                   |  1- 3 |  4- 6 |  7- 9 | 10-12 || total
-------------------------+-------+-------+-------+-------++-------
Melee: Short sword       |     9 |    25 |   169 |     2 ||   205
 Fire: Hunting sling     |    88 |   150 |   346 |     8 ||   592
  Use: Scroll            |     2 |     3 |     7 |       ||    12
       Potion            |       |       |     4 |     2 ||     6
  Eat: Chunk             |     2 |     6 |    15 |       ||    23
Armor: Robe              |     2 |       |       |       ||     2
       Leather armour    |     2 |     4 |    19 |       ||    25
       Skin              |       |       |    16 |       ||    16
Dodge: Dodged            |    21 |    29 |   164 |     1 ||   215
